 Dungeon Crawl Stone Soup version 0.21.1-1-g345015f (webtiles) character file.

2667 tyranidshit the Fighter (level 9, -3/78 HPs)
             Began as a Demonspawn Abyssal Knight on June 20, 2018.
             Was an Elder of Lugonu.
             Succumbed to a wight's poison
             ... on level 7 of the Dungeon.
             The game lasted 00:22:34 (5859 turns).

tyranidshit the Fighter (Demonspawn Abyssal Knight) Turns: 5859, Time: 00:22:35

Health: -3/78      AC: 18    Str: 19    XL:     9   Next: 37%
Magic:  8/13       EV:  6    Int: 13    God:    Lugonu [****..]
Gold:   476        SH:  0    Dex: 13    Spells: 8/8 levels left

rFire    . . .     SeeInvis .   w - +1 hand axe (freeze)
rCold    . . .     Gourm    .   (no shield)
rNeg     . . .     Faith    .   m - +0 plate armour
rPois    .         Spirit   +   (helmet restricted)
rElec    .         Reflect  .   (no cloak)
rCorr    .         Harm     .   p - +1 pair of gloves
MR       .....                  (no boots)
Stlth    ..........             e - amulet of rage
HPRegen  0.23/turn              h - +3 ring of strength
MPRegen  0.13/turn              d - +1 ring of protection

@: lethally poisoned (-3 -> -54)
A: horns 1, molten scales 1, powered by pain 1, magic shield
a: Depart the Abyss, Bend Space, Banish, Corrupt, Renounce Religion, Evoke
Berserk Rage


You were on level 7 of the Dungeon.
You worshipped Lugonu.
Lugonu was greatly pleased with you.
You were not hungry.

You visited 2 branches of the dungeon, and saw 8 of its levels.
You visited the Abyss 1 time.
You also visited: Sewer.

You collected 476 gold pieces.

Inventory:

Hand Weapons
 n - a +0 whip of flaming
 w - a +1 hand axe of freezing (weapon)
Armour
 k - a +0 chain mail
 m - a +0 plate armour (worn)
 o - a +2 robe of resistance
 p - a +1 pair of gloves (worn)
 v - a +0 pair of gloves
Jewellery
 d - a +1 ring of protection (right hand)
 e - an amulet of rage (around neck)
 h - a +3 ring of strength (left hand)
 j - an uncursed ring of protection from cold
 l - an uncursed ring of positive energy
Wands
 b - a wand of flame (15)
 y - a wand of iceblast (7)
Scrolls
 a - a scroll of amnesia
 g - 4 scrolls of remove curse
 i - 13 scrolls of identify
 r - 5 scrolls of teleportation
 t - a scroll of enchant armour {unknown}
 u - a scroll of fog
Potions
 q - a potion of agility
 s - a potion of flight
 x - a potion of resistance
Comestibles
 c - 7 rations


   Skills:
 - Level 10.1 Fighting
 + Level 2.3 Axes
 - Level 7.0 Armour
 - Level 0.8 Dodging
 - Level 5.5 Invocations


You had 8 spell levels left.
You didn't know any spells.

Dungeon Overview and Level Annotations

Branches:
Dungeon (7/15)             Temple (1/1) D:5

Altars:
Ashenzari
Gozag
Makhleb
Okawaru
Sif Muna
Trog
Vehumet
Zin


Innate Abilities, Weirdness & Mutations

You have a pair of small horns on your head.
You are partially covered in molten scales. (AC +2)
You sometimes gain a little power by taking damage.
When hurt, damage is shared between your health and your magic reserves.


Message History

Lugonu accepts your kill.
* * * LOW HITPOINT WARNING * * *
You feel very sick. The wight barely misses you.
The wight hits you but does no damage.
You are more poisoned.
You closely miss the wight.
The wight is severely damaged.
* * * LOW HITPOINT WARNING * * *
You feel very sick.
The wight hits you but does no damage. x2
You are more poisoned.
You hit the wight. Your headbutt misses the wight.
The wight is almost destroyed.
* * * LOW HITPOINT WARNING * * *
You feel very sick. The wight closely misses you.
The wight hits you from afar with a halberd of venom.
You closely miss the wight.
The wight is almost destroyed.
You die...

..#.............##.
#..#.. #
...........##...#
#....... . #.
##.........[.#.#.#.#.#...
#.#.#
#.................#.#...
#....##...........#...#.
#...
.....#.................
#...
##...................
#...
##....###.))#z........
.#..#...#...@zoo.......
.........#.#.##z.:...<.#
...........#..#.........
............#.#.........
.........##.#...........
................$.......
.........##........o....
.........##..###........
.%......##### ##.....#.


You could see 3 wights and 2 orcs.

Vanquished Creatures
  Pikel (D:4)
  Sigmund (D:5)
  Eustachio (D:5)
  Menkaure (D:5)
  Edmund (D:5)
  A sky beast (D:6)
  An orc warrior (D:7)
  An ice beast (D:6)
  An ogre (D:6)
  A centaur (D:6)
  A big kobold (D:5)
  2 bullfrogs
  2 scorpions
  A wight (D:7)
  2 howler monkeys (D:5)
  2 crimson imps
  A hound (D:6)
  A jelly (D:5)
  A gnoll shaman (D:7)
  A bullfrog skeleton (D:4)
  2 orc priests
  3 orc wizards
  An iguana (D:6)
  6 worker ants
  A killer bee zombie (D:6)
  A hound skeleton (D:7)
  5 gnolls (D:7)
  9 adders
  A river rat (D:5)
  5 oozes
  An adder zombie (D:6)
  6 worms
  2 dart slugs (D:1)
  8 leopard geckos
  17 orcs
  4 giant cockroaches
  10 goblins
  6 hobgoblins
  17 jackals
  29 kobolds
  A quokka (D:3)
  9 bats
  8 frilled lizards
  A quokka zombie (D:6)
  11 rats
188 creatures vanquished.

Vanquished Creatures (others)
  A plant (D:5)
1 creature vanquished.

Grand Total: 189 creatures vanquished

Notes
Turn   | Place    | Note
-------+----------+-------------------------------------------
     0 | Abyss:1  | tyranidshit the Demonspawn Abyssal Knight began the quest for the Orb.
     0 | Abyss:1  | Reached XP level 1. HP: 18/18 MP: 2/2
    21 | Abyss:1  | Found a shattered altar of Ashenzari.
    38 | Abyss:1  | Noticed a small abomination
    56 | Abyss:2  | Noticed a worldbinder
    60 | D:1      | Escaped the Abyss
   125 | D:1      | Gained mutation: You have a pair of small horns on your head. [demonic ancestry]
   125 | D:1      | Reached XP level 2. HP: 17/24 MP: 3/3
   168 | D:1      | Reached * piety under Lugonu
   213 | D:1      | Reached skill level 4 in Fighting
   427 | D:1      | Reached XP level 3. HP: 30/30 MP: 4/4
  1069 | D:2      | Reached skill level 5 in Fighting
  1069 | D:2      | Reached XP level 4. HP: 28/39 MP: 5/5
  1340 | D:2      | Found a shattered altar of Ashenzari.
  1493 | D:3      | Reached ** piety under Lugonu
  1687 | D:3      | Reached XP level 5. HP: 30/46 MP: 6/6
  2194 | D:3      | Reached skill level 6 in Fighting
  2705 | D:4      | Found a radiant altar of Vehumet.
  2825 | D:4      | Noticed a slave
  2825 | D:4      | Noticed Pikel
  2826 | D:4      | Noticed a slave
  2843 | D:4      | Noticed a slave
  2844 | D:4      | Noticed a slave
  2945 | D:4      | Killed Pikel
  2945 | D:4      | Reached skill level 8 in Fighting
  2945 | D:4      | Gained mutation: You sometimes gain a little power by taking damage. [demonic ancestry]
  2945 | D:4      | Reached XP level 6. HP: 32/57 MP: 7/7
  2945 | D:4      | Gained mutation: You are partially covered in molten scales. (AC +2) [demonic ancestry]
  2945 | D:4      | Reached XP level 7. HP: 36/63 MP: 8/8
  2999 | D:5      | Entered Level 5 of the Dungeon
  3026 | D:5      | Found a staircase to the Ecumenical Temple.
  3050 | Temple   | Entered the Ecumenical Temple
  3095 | D:5      | Found an iron altar of Okawaru.
  3095 | D:5      | Found a bloodstained altar of Trog.
  3097 | D:5      | Found a deep blue altar of Sif Muna.
  3127 | D:5      | Reached skill level 9 in Fighting
  3187 | D:5      | Noticed Menkaure
  3195 | D:5      | Killed Menkaure
  3196 | D:5      | Noticed Sigmund
  3209 | D:5      | Killed Sigmund
  3209 | D:5      | Reached skill level 10 in Fighting
  3209 | D:5      | Reached XP level 8. HP: 51/72 MP: 9/9
  3270 | D:5      | Found a glowing drain.
  3274 | Sewer    | Entered a sewer
  3290 | Sewer    | Reached *** piety under Lugonu
  3995 | D:5      | Found a burning altar of Makhleb.
  3995 | D:5      | Found a glowing silver altar of Zin.
  4002 | D:5      | Noticed an angel
  4002 | D:5      | Noticed a cacodemon
  4164 | D:5      | Noticed Edmund
  4190 | D:5      | Killed Edmund
  4237 | D:5      | Noticed Eustachio
  4305 | D:5      | Killed Eustachio
  4305 | D:5      | Reached skill level 5 in Invocations
  4915 | D:6      | Reached **** piety under Lugonu
  4937 | D:6      | Reached skill level 5 in Armour
  4965 | D:6      | Gained mutation: When hurt, damage is shared between your health and your magic reserves. [demonic ancestry]
  4965 | D:6      | Reached XP level 9. HP: 17/78 MP: 13/13
  5131 | D:6      | Found an opulent altar of Gozag.
  5858 | D:7      | HP: 2/78 [poisoned by a wight]
  5859 | D:7      | Succumbed to a wight's poison

Skill      XL: |  1  2  3  4  5  6  7  8  9 |
---------------+----------------------------+-----
Fighting       | 4 5 8 10 | 10.1
Armour         | 5 7 |  7.0
Invocations    | 5 |  5.5
Axes           | 2 |  2.3
Dodging        | |  0.8

Action                   |  1- 3 |  4- 6 |  7- 9 || total
-------------------------+-------+-------+-------++-------
Melee: Hand axe          |   111 |    67 |   251 ||   429
       Headbutt          |     9 |    21 |    80 ||   110
       Dagger            |       |    50 |   163 ||   213
Invok: Depart the Abyss  |     1 |       |       ||     1
Evoke: Wand              |       |       |     1 ||     1
  Use: Scroll            |     2 |     3 |     5 ||    10
       Potion            |     1 |     3 |     9 ||    13
 Stab: Sleeping          |       |       |     2 ||     2
  Eat: Ration            |     1 |     1 |     3 ||     5
       Chunk             |       |     1 |       ||     1
Armor: Ring mail         |    35 |       |       ||    35
       Chain mail        |     8 |    88 |       ||    96
       Robe              |       |       |   106 ||   106
       Plate armour      |       |       |   170 ||   170
Dodge: Dodged            |    71 |    48 |   269 ||   388
